 Dungeon Crawl Stone Soup version 0.30-a0-723-gc1506a1cf0 (webtiles) character file.

Game seed: 1116144740557527050

147 ASSMAN the Covert (level 5, -4/31 HPs)
             Began as a Vampire Delver on Jan 29, 2023.
             Slain by Ijyb
             ... wielding a +0 dagger
              (5 damage)
             ... on level 3 of the Dungeon.
             The game lasted 00:02:24 (608 turns).

ASSMAN the Covert (Vampire Delver)                   Turns: 608, Time: 00:02:25

Health: -4/31      AC:  4    Str: 11    XL:     5   Next: 8%
Magic:  5/5        EV:  9    Int: 13    God:
Gold:   42         SH:  0    Dex: 17    Spells: 4/4 levels left

rFire   . . .      SeeInvis +    a - +0 short sword
rCold   + + .      Faith    .    (no shield)
rNeg    + + +      Spirit   .    b - +1 leather armour
rPois   ∞          Reflect  .    (no helmet)
rElec   .          Harm     .    (no cloak)
rCorr   .          Rampage  .    (no gloves)
Will    .....                    (no boots)
Stlth   ++++++                   (no amulet)
HPRegen 0.00/turn                (no ring)
MPRegen 0.09/turn                (no ring)

@: weak-willed, flying, bloodless, inhibited regen, constricted
A: bloodless, fangs 3, see invisible, vampiric 2
a: Bat Form, Revivify


You were on level 3 of the Dungeon.
You visited 1 branch of the dungeon, and saw 4 of its levels.

You collected 42 gold pieces.

Inventory:

Hand Weapons
 a - a +0 short sword (weapon)
Armour
 b - a +1 leather armour (worn)
Wands
 g - a wand of digging (3)
Scrolls
 d - a scroll of magic mapping
 e - a scroll of silence
Potions
 k - a potion of haste


   Skills:
 - Level 2.6 Fighting
 + Level 3.8 Short Blades
 - Level 2.1 Dodging
 * Level 9.7 Stealth


You had 4 spell levels left.
You didn't know any spells.
Your spell library was empty.

Dungeon Overview and Level Annotations

Branches:
Dungeon (6/15)
 Temple: D:4-7

Altars:

Portals:
Abyss: D:5

Annotations:
D:3 Ijyb
D:5 1 transporter, theblackgale's ghost, weakling NaTm


Innate Abilities, Weirdness & Mutations

You do not regenerate when monsters are visible.
You are frail without blood (-20% HP).
You can heal yourself when you bite living creatures.
You are immune to poison.
You have razor-sharp teeth.
You have supernaturally acute eyesight. (SInv)
You are afflicted with vampirism and can become a bat while bloodless.


Message History

It is a scroll of identify.
e - a scroll of silence The ball python bites you.
The ball python barely misses you.
As you read the scroll labelled TEAROKERCHE, it crumbles to dust.
Magic quickly surges around you.
It was a scroll of vulnerability.
The ball python bites you.
* * * LOW HITPOINT WARNING * * *
The ball python barely misses you.
As you read the scroll labelled ENYSOT RORONA, it crumbles to dust.
It is a scroll of amnesia.
You feel forgetful for a moment. The ball python closely misses you.
The ball python grabs you. The ball python constricts you.
As you read the scroll labelled GOODDA FOSO, it crumbles to dust.
It is a scroll of enchant armour.
Your +0 leather armour glows green for a moment.
The ball python barely misses you. The ball python constricts you.
The ball python closely misses you. The ball python constricts you.
* * * LOW HITPOINT WARNING * * *
Ijyb hits you but does no damage.
It was a potion of curing.
You feel better. The ball python closely misses you.
The ball python constricts you.
Ijyb zaps a wand.
Your mind is blasted!
* * * LOW HITPOINT WARNING * * *
It was a potion of flight.
You feel very buoyant.
You fly up into the air.
The ball python misses you. The ball python constricts you.
* * * LOW HITPOINT WARNING * * *
Ijyb hits you with a +0 dagger.
* * * LOW HITPOINT WARNING * * *
You hit Ijyb but do no damage.
Ijyb is lightly wounded.
The ball python bites you.
* * * LOW HITPOINT WARNING * * *
The ball python constricts you.
* * * LOW HITPOINT WARNING * * *
You hit Ijyb but do no damage.
Ijyb is lightly wounded.
Ijyb screams, "Die!"
Ijyb hits you with a +0 dagger.
You die...

#.# ######..
#....#.####. ..#
#######.####g#.g....
########.....#
...#.##.....
........#.####g#........
........#.##..S..##.##..
........#S##.#...##.# #.
........#....#)..##.# .
......gS######.......
......(@# #.......
...!...†# ........#
........# ...##....#
######### ...# #####


You could see Ijyb (weak-willed) and a ball python (weak-willed).

Vanquished Creatures
  An ogre (D:5)
  2 iguanas (D:5)
  An adder (D:3)
  An orc (D:5)
  A giant cockroach (D:4)
  A kobold (D:4)
  A ball python (D:4)
  A goblin (D:4)
9 creatures vanquished.

Notes
Turn   | Place    | Note
-------+----------+-------------------------------------------
     0 | D:5      | ASSMAN the Vampire Delver began the quest for the Orb.
     0 | D:5      | Reached XP level 1. HP: 17/17 MP: 1/1
     8 | D:5      | Found a one-way gate to the infinite horrors of the Abyss.
     8 | D:5      | Noticed theblackgale's ghost (weakling NaTm)
    10 | D:5      | Noticed a hound
    10 | D:5      | Noticed a necrophage
    48 | D:5      | Noticed an iguana
    52 | D:5      | Killed an iguana
    53 | D:5      | Reached skill level 8 in Stealth
    53 | D:5      | Reached XP level 2. HP: 18/23 MP: 2/2
    79 | D:5      | Noticed an ogre
    83 | D:5      | Killed an ogre
    84 | D:5      | Reached skill level 9 in Stealth
    84 | D:5      | Gained mutation: You are afflicted with vampirism and can
                  | become a bat while bloodless. [Vampire growth]
    84 | D:5      | Reached XP level 3. HP: 22/22 MP: 3/3
    84 | D:5      | Reached XP level 4. HP: 27/27 MP: 4/4
   404 | D:4      | Reached XP level 5. HP: 31/31 MP: 5/5
   475 | D:4      | Noticed an ogre
   570 | D:3      | Noticed Ijyb
   607 | D:3      | HP: 1/31 [constriction (1)]
   608 | D:3      | Slain by Ijyb

Illustrated notes

Levels and vault maps discovered:
D:3:      layout_basic, uniq_ijyb, uniq_jessica, uniq_sigmund
D:4:      layout_gridville
D:5:      layout_rooms, gammafunk_ghost_abyssal_escape, uniq_edmund
D:6:      layout_layer_cave, minmay_temple_entry_stoned_glass, hex_large

Skill      XL: |  1  2 |
---------------+-------+-----
Stealth        | 8 9 |  9.7
Short Blades   | 3 |  3.8
Fighting       | |  2.6
Dodging        | |  2.1

Action                     |  1- 3 |  4- 6 || total
---------------------------+-------+-------++-------
  Melee: Short sword       |     2 |    22 ||    24
         Bite              |       |     3 ||     3
Ability: Exsanguinate      |     1 |       ||     1
    Use: Potion            |     1 |     2 ||     3
         Scroll            |       |     6 ||     6
   Stab: Sleeping          |     2 |     5 ||     7
 Armour: Leather armour    |       |     1 ||     1
  Dodge: Dodged            |     4 |    13 ||    17

Table legend: (Time is in decaauts)
 A = Elapsed time spent in this place.
 B = Non-inter-level travel time spent in this place.
 C = Inter-level travel time spent in this place.
 D = Time resting spent in this place.
 E = Time spent auto-exploring this place.
 F = Levels seen in this place.
 G = Mean time per level.
                   A        B        C        D        E       F      G
               +--------+--------+--------+--------+--------+-----+--------+
         Total |    586 |    583 |      3 |     80 |    316 |   4 |  146.5 |
       Dungeon |    586 |    583 |      3 |     80 |    316 |   4 |  146.5 |
               +--------+--------+--------+--------+--------+-----+--------+

Top non-repeatable levels by time:
     D:4: 281 daAuts
     D:5: 191 daAuts
     D:3: 99 daAuts
     D:6: 14 daAuts
